 Dungeon Crawl Stone Soup version 0.30-a0-723-gc1506a1cf0 (webtiles) character file.

Game seed: 4129031442797403394

558 purpskrrrp the Covert (level 7, -4/39 HPs)
             Began as a Vampire Brigand on Jan 29, 2023.
             Slain by a gnoll
             ... wielding a +0 whip
             ... led by a gnoll bouda
              (7 damage)
             ... on level 5 of the Dungeon.
             The game lasted 00:08:13 (3421 turns).

purpskrrrp the Covert (Vampire Brigand)             Turns: 3421, Time: 00:08:13

Health: -4/39      AC:  4    Str: 10    XL:     7   Next: 9%
Magic:  7/7        EV: 14    Int: 14    God:
Gold:   293        SH:  0    Dex: 23    Spells: 6/6 levels left

rFire   . . .      SeeInvis +    o - +0 dagger (distort)
rCold   + + .      Faith    .    (no shield)
rNeg    + + +      Spirit   .    b - +0 robe
rPois   ∞          Reflect  .    (no helmet)
rElec   .          Harm     .    c - +1 cloak
rCorr   .          Rampage  .    (no gloves)
Will    +....                    (no boots)
Stlth   +++++++                  (no amulet)
HPRegen 0.00/turn                k - +6 ring of dexterity
MPRegen 0.10/turn                n - ring of willpower

@: weakened, bloodless, inhibited regen, hasted, studying Ranged Weapons, very
quick
A: bloodless, fangs 3, see invisible, vampiric 2
a: Bat Form, Revivify


You were on level 5 of the Dungeon.
You visited 1 branch of the dungeon, and saw 5 of its levels.

You collected 293 gold pieces.

Inventory:

Hand Weapons
 a - a +2 dagger
 g - a +1 dagger of venom
 l - a +3 dagger
 o - a +0 dagger of distortion (weapon)
Missiles
 d - 12 poisoned darts
 e - 3 curare-tipped darts
Armour
 b - a +0 robe (worn)
 c - a +1 cloak (worn)
Jewellery
 k - a +6 ring of dexterity (left hand)
 n - a ring of willpower (right hand)
Wands
 i - a wand of paralysis (5)
 x - a wand of mindburst (21)
Potions
 f - a potion of curing
 h - 2 potions of invisibility
 j - a potion of brilliance
 m - 2 potions of flight
 q - a potion of haste
 t - a potion of cancellation
 v - a potion of lignification {unknown}
 w - a potion of resistance {unknown}


   Skills:
 - Level 1.7 Fighting
 + Level 4.1 Short Blades
 * Level 4.5 Ranged Weapons
 - Level 1.5 Throwing
 + Level 3.4 Dodging
 * Level 9.2 Stealth


You had 6 spell levels left.
You didn't know any spells.
Your spell library contained the following spells:

 Spells                   Type           Power      Damage    Failure   Level
 Apportation              Tloc           0%         N/A       28%         1
 Freeze                   Ice            0%         1d3       28%         1
 Sandblast                Erth           0%         2d4       28%         1
 Passwall                 Tmut/Erth      0%         N/A       41%         2
 Frozen Ramparts          Ice            0%         1d1       65%         3
 Gell's Gravitas          Tloc           0%         N/A       65%         3
 Hailstorm                Conj/Ice       0%         3d3       65%         3
 Stone Arrow              Conj/Erth      0%         3d7       65%         3
 Teleport Other           Tloc           0%         N/A       65%         3
 Manifold Assault         Tloc           0%         N/A       96%         4
 Alistair's Intoxication  Tmut/Pois      0%         N/A       100%        5
 Dispersal                Tloc           0%         N/A       100%        6
 Disjunction              Tloc           0%         N/A       100%        8


Dungeon Overview and Level Annotations

Branches:
Dungeon (5/15)
 Temple: D:4-7

Altars:

Shops:
D:2 (


Innate Abilities, Weirdness & Mutations

You do not regenerate when monsters are visible.
You are frail without blood (-20% HP).
You can heal yourself when you bite living creatures.
You are immune to poison.
You have razor-sharp teeth.
You have supernaturally acute eyesight. (SInv)
You are afflicted with vampirism and can become a bat while bloodless.


Message History

The gnoll hits you with a +0 whip. x2
The gnoll bouda hits you but does no damage.
You barely miss the gnoll bouda.
The gnoll bouda is heavily wounded.
The gnoll hits you with a +0 flail.
The gnoll hits you from afar with a +0 halberd.
The gnoll hits you with a +0 whip.
* * * LOW HITPOINT WARNING * * *
The gnoll barely misses you.
You are too injured to fight recklessly!
You are too injured to fight recklessly!
You are too injured to fight recklessly!
You are too injured to fight recklessly!
You are too injured to fight recklessly!
You are too injured to fight recklessly!
You are too injured to fight recklessly!
You are too injured to fight recklessly!
You are too injured to fight recklessly!
You are too injured to fight recklessly!
You are too injured to fight recklessly!
You are too injured to fight recklessly!
You are too injured to fight recklessly!
You are too injured to fight recklessly!
You are too injured to fight recklessly!
You are too injured to fight recklessly!
You are too injured to fight recklessly!
You are too injured to fight recklessly!
You are too injured to fight recklessly!
You are too injured to fight recklessly!
You are too injured to fight recklessly!
Okay, then.
You aren't carrying any scrolls.
You feel yourself speed up.
The gnoll bouda hits you with a +0 club.
* * * LOW HITPOINT WARNING * * *
The gnoll closely misses you. The gnoll misses you.
The gnoll hits you with a +0 whip.
* * * LOW HITPOINT WARNING * * *
The gnoll hits you with a +0 whip!
You die...

#......# #......#
#......# #......#
#......###+######
#..............#
#.ggg..........#
#..g@.?........#
#...g..........#
#..............#
#......?.......##+###
#.....#####..........
#.....+...'..........
#.....#...#..........
#.....#...#..........
... #...#.......)..


You could see a gnoll bouda and 4 gnolls.

Vanquished Creatures
  A black bear (D:4)
  A bullfrog (D:4)
  A jelly (D:4)
  Crazy Yiuf (D:3)
  2 hounds (D:4)
  Jessica (D:3)
  Terence (D:2)
  4 gnolls (D:3)
  10 adders
  A worm (D:3)
  3 dart slugs
  5 orcs (D:3)
  7 endoplasms
  3 giant cockroaches (D:4)
  5 goblins
  13 hobgoblins
  4 jackals (D:2)
  5 quokkas
  2 ball pythons
  10 bats
  A frilled lizard (D:2)
  10 kobolds
  8 rats
99 creatures vanquished.

Notes
Turn   | Place    | Note
-------+----------+-------------------------------------------
     0 | D:1      | purpskrrrp the Vampire Brigand began the quest for the Orb.
     0 | D:1      | Reached XP level 1. HP: 16/16 MP: 1/1
    38 | D:1      | Reached skill level 6 in Stealth
   147 | D:1      | Reached XP level 2. HP: 17/17 MP: 2/2
  1071 | D:1      | Identified a scroll of acquirement
  1071 | D:1      | Acquired a manual of Ranged Weapons
  1074 | D:2      | Found Bock's Antique Weapon Shoppe.
  1085 | D:2      | Gained mutation: You are afflicted with vampirism and can
                  | become a bat while bloodless. [Vampire growth]
  1085 | D:2      | Reached XP level 3. HP: 20/21 MP: 3/3
  1150 | D:2      | Noticed Terence
  1152 | D:2      | Killed Terence
  1153 | D:2      | Reached skill level 1 in Ranged Weapons
  1153 | D:2      | Reached skill level 7 in Stealth
  1333 | D:2      | Reached XP level 4. HP: 18/26 MP: 4/4
  1792 | D:3      | Noticed Jessica
  1795 | D:3      | Killed Jessica
  1878 | D:3      | Reached XP level 5. HP: 30/30 MP: 5/5
  2303 | D:3      | Reached skill level 8 in Stealth
  2458 | D:3      | Found a runed translucent door.
  2459 | D:3      | Noticed Crazy Yiuf
  2649 | D:3      | Killed Crazy Yiuf
  2757 | D:4      | Reached XP level 6. HP: 35/35 MP: 6/6
  2936 | D:4      | Identified the +1 trident "Zuuhaeco" {heavy, *Noise Will+
                  | Int+9 SInv Stlth+}
  3233 | D:4      | Reached skill level 9 in Stealth
  3233 | D:4      | Reached XP level 7. HP: 39/39 MP: 7/7
  3383 | D:5      | Entered Level 5 of the Dungeon
  3421 | D:5      | Slain by a gnoll

Illustrated notes

Levels and vault maps discovered:
D:1:      minmay_arrival_open_corners, layout_basic
D:2:      layout_basic, serial_shops, shop, uniq_terence
D:3:      layout_rooms, uniq_crazy_yiuf_cottage, uniq_jessica
D:4:      minmay_razor_zed, layout_rooms
D:5:      layout_gridville

Skill      XL: |  1  2  3  4  5  6 |
---------------+-------------------+-----
Stealth        | 6 7 8 9 |  9.2
Ranged Weapons | 1 2 3 4 |  4.5
Dodging        | 2 3 |  3.4
Short Blades   | 3 4 |  4.1
Fighting       | |  1.7
Throwing       | |  1.5

Action                     |  1- 3 |  4- 6 |  7- 9 || total
---------------------------+-------+-------+-------++-------
  Melee: Dagger            |    76 |   111 |     9 ||   196
         Bite              |     7 |     9 |       ||    16
Ability: Exsanguinate      |     1 |       |       ||     1
    Use: Scroll            |     4 |     1 |     9 ||    14
         Potion            |       |       |     1 ||     1
   Stab: Sleeping          |    17 |    29 |     2 ||    48
         Distracted        |       |     2 |       ||     2
 Armour: Robe              |    24 |    17 |     1 ||    42
  Dodge: Dodged            |    38 |    49 |    11 ||    98

Table legend: (Time is in decaauts)
 A = Elapsed time spent in this place.
 B = Non-inter-level travel time spent in this place.
 C = Inter-level travel time spent in this place.
 D = Time resting spent in this place.
 E = Time spent auto-exploring this place.
 F = Levels seen in this place.
 G = Mean time per level.
                   A        B        C        D        E       F      G
               +--------+--------+--------+--------+--------+-----+--------+
         Total |   3388 |   3166 |    222 |    272 |   2195 |   5 |  677.6 |
       Dungeon |   3388 |   3166 |    222 |    272 |   2195 |   5 |  677.6 |
               +--------+--------+--------+--------+--------+-----+--------+

Top non-repeatable levels by time:
     D:1: 1128 daAuts
     D:2: 799 daAuts
     D:3: 748 daAuts
     D:4: 675 daAuts
     D:5: 36 daAuts
